 Dungeon Crawl Stone Soup version 0.24.0-123-gd5b16e6ec5 (webtiles) character file.

Game seed: 11185236036615861076, levelgen mode: deterministic

326 Bergy the Cudgeler (level 6, -15/37 HPs)
             Began as a Gargoyle Fighter on Dec 23, 2019.
             Engulfed by an orc wizard's freezing vapour (17 damage)
             ... on level 3 of the Dungeon.
             The game lasted 00:09:02 (2713 turns).

Bergy the Cudgeler (Gargoyle Fighter)               Turns: 2713, Time: 00:09:03

Health: -15/37     AC: 13    Str: 22    XL:     6   Next: 49%
Magic:  6/6        EV:  8    Int: 12    God:
Gold:   155        SH:  9    Dex:  9    Spells: 5/5 levels left

rFire    + . .     SeeInvis .   u - +0 morningstar
rCold    . . .     Gourm    .   c - +0 shield
rNeg     + . .     Faith    .   v - +2 ring mail {rF+}
rPois    ∞         Spirit   .   p - +0 helmet
rElec    +         Reflect  .   (no cloak)
rCorr    .         Harm     .   (no gloves)
MR       .....                  (no boots)
Stlth    ..........             (no amulet)
HPRegen  0.12/turn              j - +4 ring of intelligence
MPRegen  0.10/turn              (no ring)

@: no status effects
A: negative energy resistance 1, electricity resistance, unbreathing,
petrification resistance, rot immunity, AC +4
a: no special abilities


You were on level 3 of the Dungeon.
You were not hungry.

You visited 1 branch of the dungeon, and saw 3 of its levels.

You collected 155 gold pieces.

Inventory:

Hand Weapons
 u - a +0 morningstar (weapon)
Armour
 c - a +0 shield (worn)
 p - a +0 helmet (worn)
 v - a +2 ring mail of fire resistance (worn)
Jewellery
 j - a +4 ring of intelligence (left hand)
 o - an uncursed ring of ice {unknown}
Scrolls
 d - a scroll of teleportation {unknown}
 e - 3 scrolls of remove curse
 g - a scroll of fear {unknown}
 h - 2 scrolls of identify
 l - 3 scrolls of enchant weapon {unknown}
 r - a scroll of blinking {unknown}
 s - a scroll of noise {unknown}
Potions
 i - a potion of resistance {unknown}
 k - 2 potions of agility {unknown}
 m - 2 potions of flight {unknown}
 n - 2 potions of haste {unknown}
 q - 3 potions of curing
Comestibles
 a - 2 chunks of flesh
 f - 5 rations


   Skills:
 - Level 3.2 Fighting
 * Level 6.7 Maces & Flails
 - Level 3.2 Armour
 - Level 3.2 Shields


You had 5 spell levels left.
You didn't know any spells.
Your spell library was empty.

Dungeon Overview and Level Annotations

Branches:
Dungeon (3/15)

Altars:
Ru
The Shining One


Innate Abilities, Weirdness & Mutations

You are resistant to torment.
Your stone body is resilient. (AC +4)
You are immune to poison.
You resist negative energy. (rN+)
You are resistant to electric shocks. (rElec)
You can survive without breathing.
You are immune to petrification.
You are immune to rotting.


Message History

You kill the orc!
The adder bites you.
You closely miss the adder. You block the adder's attack. x2
You miss the adder. The adder bites you.
The adder bites you but does no damage.
You sock the adder!
You kill the adder!
You sock the goblin!
You kill the goblin!
You barely miss something.
You hear a zap.
Something creates a blast of freezing vapour!
Something completely misses you.
You closely miss something.
You are engulfed in freezing vapours.
Something hits you but does no damage.
You closely miss something.
You are engulfed in freezing vapours.
* * * LOW HITPOINT WARNING * * *
Something hits you but does no damage. You block something's attack.
You barely miss something.
You are engulfed in freezing vapours.
You die...

.. ..#.# #.#.#.### . #
.<........... #. .##
#K#.#.#.#.# .# #.#
......... .# ##.#
#.#.#.#.#.#.#.## .# #..#
......Kro...r..#
#.###.###..#.#.#o#o#.#..#
#.........# # #{###
##..#.####.# #@# #...#.#
#§# .####.# #§# .# #.#
#§# .# #.# #. #.# .####.#
#. #.# ......# #.## #.#
.###### ##...###.#
.########.#.#.##÷#


You could see 2 orcs, a kobold and a rat.

Vanquished Creatures
  A gnoll sergeant (D:3)
  An orc priest (D:3)
  An orc wizard (D:3)
  8 adders
  3 oozes
  3 worms
  4 dart slugs
  3 leopard geckos (D:3)
  9 orcs (D:3)
  4 giant cockroaches
  13 goblins
  10 hobgoblins
  3 jackals (D:3)
  5 kobolds
  8 bats
  3 frilled lizards (D:1)
  9 rats
88 creatures vanquished.

Vanquished Creatures (others)
  4 toadstools (D:1)
4 creatures vanquished.

Grand Total: 92 creatures vanquished

Notes
Turn   | Place    | Note
-------+----------+-------------------------------------------
     0 | D:1      | Bergy the Gargoyle Fighter began the quest for the Orb.
     0 | D:1      | Reached XP level 1. HP: 14/14 MP: 1/1
   152 | D:1      | Reached XP level 2. HP: 19/19 MP: 2/2
   245 | D:1      | Reached skill level 3 in Maces & Flails
   376 | D:1      | Reached XP level 3. HP: 23/23 MP: 3/3
   837 | D:1      | Reached skill level 4 in Maces & Flails
   842 | D:1      | HP: 1/23 [worm (7)]
  1168 | D:1      | Reached XP level 4. HP: 19/28 MP: 4/4
  1555 | D:2      | Reached skill level 5 in Maces & Flails
  1559 | D:2      | Reached XP level 5. HP: 28/32 MP: 5/5
  1697 | D:2      | Found a sacrificial altar of Ru.
  1771 | D:3      | Found a glowing golden altar of the Shining One.
  2401 | D:3      | Reached skill level 6 in Maces & Flails
  2401 | D:3      | Reached XP level 6. HP: 27/37 MP: 6/6
  2713 | D:3      | Engulfed by an orc wizard's freezing vapour

Levels and vault maps discovered:
D:1:      ldierk_water_garden, layout_loops_ring, chequers_serial_rivers_small_3
D:2:      layout_rooms, marbit_many_paths
D:3:      layout_loops_ring, tso_metal_star, first_ration, st_stairs_11,
          grunt_ministairs_14

Skill      XL: |  1  2  3  4  5 |
---------------+----------------+-----
Maces & Flails | 3 4 5 6 |  6.7
Fighting       | |  3.2
Armour         | |  3.2
Shields        | |  3.2

Action                   |  1- 3 |  4- 6 || total
-------------------------+-------+-------++-------
Melee: Flail             |   138 |   166 ||   304
       Morningstar       |       |    52 ||    52
  Use: Scroll            |       |     2 ||     2
       Potion            |       |     2 ||     2
  Eat: Ration            |     1 |       ||     1
       Chunk             |       |     3 ||     3
Armor: Scale mail        |   100 |    92 ||   192
       Ring mail         |       |    22 ||    22
Dodge: Dodged            |    66 |    80 ||   146
Block: Shield            |    81 |   106 ||   187
